 Dungeon Crawl Stone Soup version 0.18.1-48-g4cf74bf (webtiles) character file.

245 whomadewhat the Slasher (level 5, 0/47 HPs)
             Began as a Minotaur Berserker on Aug 3, 2016.
             Was a Believer of Trog.
             Slain by a phantom (3 damage)
             ... on level 4 of the Dungeon on Aug 4, 2016.
             The game lasted 00:13:55 (2754 turns).

whomadewhat the Slasher (Minotaur Berserker)        Turns: 2754, Time: 00:13:56

Health: 0/47       AC:  2    Str: 22    XL:     5   Next: 83%
Magic:  4/4        EV: 13    Int:  4    God:    Trog [**....]
Gold:   111        SH:  0    Dex: 10    Spells: 0 memorised, 4 levels left

rFire  . . .     SeeInvis .     u - +2 scimitar (freeze)
rCold  . . .     Gourm    .     (no armour)
rNeg   . . .     Faith    .     (no shield)
rPois  .         Spirit   .     (helmet restricted)
rElec  .         Dismiss  .     (no cloak)
rCorr  .         Reflect  .     j - +0 pair of gloves
SustAt .         Harm     .     p - +0 pair of boots
MR     .....                    (no amulet)
Stlth  ..........               (no ring)
                                l - ring of loudness (curse)

@: lethally poisoned (0 -> -12), not resistant to hostile enchantments,
extremely unstealthy
A: retaliatory headbutt, horns 2
a: Berserk, Trog's Hand, Burn Spellbooks, Renounce Religion


You were on level 4 of the Dungeon.
You worshipped Trog.
Trog was pleased with you.
You were very hungry.

You visited 1 branch of the dungeon, and saw 4 of its levels.

You collected 111 gold pieces.

Inventory:

Hand Weapons
 a - a +0 falchion
 u - a +2 scimitar of freezing (weapon)
Missiles
 g - 2 large rocks
 i - 130 stones (quivered)
Armour
 j - a +0 pair of gloves (worn)
 p - a +0 pair of boots (worn)
 t - a +0 ring mail
 y - a +0 troll leather armour
Jewellery
 h - a +3 ring of dexterity
 l - a cursed ring of loudness (left hand)
Wands
 s - a wand of lightning (8/15)
Scrolls
 d - 3 scrolls of identify
 e - a scroll of fear
 n - a scroll of immolation
Potions
 m - a potion of agility {unknown}
 o - 2 potions of heal wounds {unknown}
Comestibles
 b - 2 beef jerkies
 c - a bread ration
 q - a meat ration
 v - a slice of pizza


   Skills:
 + Level 4.8 Fighting
 + Level 5.1 Long Blades
 + Level 3.4 Armour
 + Level 4.2 Dodging
 + Level 1.0 Stealth


You had 4 spell levels left.
You didn't know any spells.

Dungeon Overview and Level Annotations

Branches:
Dungeon (4/15)
 Temple: D:4-7

Altars:

Annotations:
D:4 Grinder


Innate Abilities, Weirdness & Mutations

You reflexively headbutt those who attack you in melee.
You have a pair of horns on your head.


Message History

You closely miss the phantom.
The phantom is severely damaged.
You feel sick. The worker ant misses you. The phantom hits you!
You hit the phantom.
The phantom is severely damaged.
The worker ant bites you. The phantom closely misses you.
You closely miss the phantom.
The phantom is severely damaged.
You feel sick. The worker ant bites you.
* * * LOW HITPOINT WARNING * * *
You are lethally poisoned!
The worker ant poisons you! The phantom hits you!
* * * LOW HITPOINT WARNING * * *
The phantom blinks!
The worker ant bites you but does no damage.
You barely miss the phantom.
The phantom is severely damaged.
* * * LOW HITPOINT WARNING * * *
You feel sick. The phantom hits you.
You die...

.######.............#
....................#
.....######.........#
### #........##
#........#
##..#......#
#...#....#..
#..####.## # #.@# ##
#aW# #..# #.#..
#...... .....$...
......... ..........
.>...ยง....


You could see a phantom and a worker ant.

Vanquished Creatures
  A howler monkey (D:4)
  An orc priest (D:3)
  2 orc wizards (D:3)
  A worker ant (D:4)
  2 adders (D:2)
  2 worms
  4 dart slugs
  2 giant geckos
  13 orcs (D:3)
  3 giant cockroaches
  3 goblins
  6 hobgoblins
  A quokka (D:3)
  A ball python (D:3)
  8 bats
  3 giant newts
  7 rats
60 creatures vanquished.

Notes
Turn   | Place    | Note
--------------------------------------------------------------
     0 | D:1      | whomadewhat the Minotaur Berserker began the quest for the Orb.
     0 | D:1      | Reached XP level 1. HP: 19/19 MP: 0/0
   403 | D:1      | Reached skill level 4 in Long Blades
   442 | D:1      | Reached XP level 2. HP: 27/27 MP: 1/1
  1118 | D:2      | Reached XP level 3. HP: 16/33 MP: 2/2
  1790 | D:3      | Reached ** piety under Trog
  1825 | D:3      | Reached XP level 4. HP: 35/41 MP: 3/3
  2132 | D:3      | Reached skill level 1 in Stealth
  2422 | D:3      | Reached skill level 5 in Long Blades
  2422 | D:3      | Reached XP level 5. HP: 47/47 MP: 4/4
  2741 | D:4      | Noticed a phantom
  2742 | D:4      | Noticed Grinder
  2742 | D:4      | Paralysed by Grinder for 3 turns
  2754 | D:4      | Slain by a phantom

Skill      XL: |  1  2  3  4  5 |
---------------+----------------+-----
Long Blades    | 4 5 |  5.1
Fighting       | 4 |  4.8
Dodging        | 3 4 |  4.2
Stealth        | 1 |  1.0
Armour         | 3 |  3.4

Action                   |  1- 3 |  4- 6 || total
-------------------------+-------+-------++-------
Melee: Falchion          |    72 |    11 ||    83
       Headbutt          |     8 |    14 ||    22
       Scimitar          |       |    64 ||    64
  Use: Scroll            |     4 |     4 ||     8
  Eat: Bread ration      |     1 |       ||     1
Armor: Animal skin       |     7 |       ||     7
       Robe              |    11 |     1 ||    12
       Ring mail         |       |    34 ||    34
       Skin              |       |     1 ||     1
Dodge: Dodged            |    60 |    62 ||   122
